 Dungeon Crawl Stone Soup version 0.31.0-11-ge490571c62 (webtiles) character file.

Game seed: 15680971067964720012

610 Gadfly the Charlatan (level 7, -5/52 HPs)
             Began as a Demonspawn Monk on Jan 27, 2024.
             Killed by nerve-wracking pain
             ... invoked by an orc priest
              (7 damage)
             ... on level 5 of the Dungeon.
             The game lasted 00:05:39 (3747 turns).

Gadfly the Charlatan (Demonspawn Monk)              Turns: 3747, Time: 00:05:39

Health: -5/52      AC:  4    Str: 13    XL:     7   Next: 20%
Magic:  7/7        EV: 13    Int: 11    God:
Gold:   122        SH:  0    Dex: 15    Spells: 6/6 levels left

rFire   . . .        b - +2 short sword (venom)
rCold   . . .        c - orb {light}
rNeg    + . .        a - +0 robe
rPois   .            (helmet restricted)
rElec   .            (no cloak)
rCorr   .            (no gloves)
SInv    .            (no boots)
Will    .....        (no amulet)
Stlth   +            j - ring of positive energy
HPRegen 0.28/turn    (no ring)
MPRegen 0.10/turn

%: no passive effects
@: glowing
A: horns 2, yellow scales 1, spiny 2
a: no special abilities


You were on level 5 of the Dungeon.
You visited 1 branch of the dungeon, and saw 5 of its levels.

You collected 122 gold pieces.

Inventory:

Hand Weapons
 b - a +2 short sword of venom (weapon)
Armour
 a - a +0 robe (worn)
 c - an orb of light (worn)
Jewellery
 j - a ring of positive energy (left hand)
Talismans
 d - a maw talisman
Wands
 f - a wand of roots (6) (quivered)
 n - a wand of paralysis (8)
Scrolls
 h - 2 scrolls of teleportation
 o - a scroll of blinking
Potions
 e - a potion of ambrosia
 g - 3 potions of heal wounds
 k - 3 potions of lignification
 l - 3 potions of curing


   Skills:
 - Level 3.0 Fighting
 + Level 3.8 Dodging
 + Level 3.8 Unarmed Combat
 * Level 4.3 Evocations
 * Level 3.5 Shapeshifting


You had 6 spell levels left.
You didn't know any spells.
Your spell library contained the following spells:

 Spells                   Type           Power      Damage    Failure   Level
 Necrotise                Necr           0%         1d4       34%         1
 Jinxbite                 Hex            0%         N/A       47%         2
 Vampiric Draining        Necr           0%         2d6       71%         3
 Martyr's Knell           Necr/Summ      0%         N/A       98%         4
 Curse of Agony           Necr           0%         N/A       100%        5
 Yara's Violent Unravell  Hex/Alch       0%         3d3       100%        5
 Enfeeble                 Hex            0%         N/A       100%        7


Dungeon Overview and Level Annotations

Branches:
Dungeon (5/15)
 Temple: D:4-7

Altars:


Innate Abilities, Weirdness & Mutations

You have a pair of horns on your head.
You are partially covered in yellow scales. (AC +2)
You are mostly covered in sharp spines.


Message History

The orc closely misses you.
You barely miss the orc priest.
The orc priest is moderately wounded.
The orc hits you from afar with a +0 trident.
You hit the orc priest but do no damage.
The orc priest is poisoned.
Your headbutt misses the orc priest.
The orc priest is moderately wounded.
The orc misses you.
You hit the orc priest but do no damage.
The orc priest is moderately wounded.
The orc priest is struck by your spines.
The orc priest hits you with a +0 club. The orc closely misses you.
The orc hits you from afar with a +0 trident.
You hit the orc priest.
The orc priest is almost dead.
The orc priest is struck by your spines.
You kill the orc priest!
The orc hits you from afar with a +0 trident.
You are too injured to fight recklessly!
You hit the orc priest.
The orc priest is lightly wounded.
The orc closely misses you. The orc barely misses you.
The orc priest hits you with a +0 short sword.
You hit the orc priest but do no damage.
The orc priest is lightly wounded.
The orc misses you. x2
The orc priest mumbles some strange prayers to Beogh against you.
Beogh smites you!
* * * LOW HITPOINT WARNING * * *
You hit the orc priest.
The orc priest is moderately wounded.
The orc hits you but does no damage.
The orc priest casts a cantrip, but nothing happens.
The orc misses you.
Unknown command.
The orc hits you from afar with a +0 trident.
* * * LOW HITPOINT WARNING * * *
The orc priest mumbles some strange prayers to Beogh against you.
Pain shoots through your body!
You die...

#...##.#..#
#....†..#
###..#.#
###......#
##....##.<#
#..##.....#
#..##....##
##..#.#.###
#....@###
##....o#
#...##oo....#
##.. .......
### .##....
.# ...# ##
#.. .#


You could see an orc priest and 2 orcs.

Vanquished Creatures
  2 scorpions
  A bullfrog zombie (D:4)
  A spectral scorpion (D:4)
  A bullfrog skeleton (D:4)
  2 orc priests (D:5)
  3 hounds
  Natasha (thrice) (D:4)
  A hound zombie (D:4)
  3 gnolls (D:4)
  5 adders
  A spectral adder (D:4)
  An adder zombie (D:4)
  A ribbon worm (D:3)
  5 dart slugs
  4 orcs
  4 endoplasms
  4 giant cockroaches
  9 goblins
  5 hobgoblins
  4 quokkas
  4 ball pythons
  4 frilled lizards
  8 kobolds
  7 rats
83 creatures vanquished.

Notes
Turn   | Place    | Note
-------+----------+-------------------------------------------
     0 | D:1      | Gadfly the Demonspawn Monk began the quest for the Orb.
     0 | D:1      | Reached XP level 1. HP: 18/18 MP: 1/1
   242 | D:1      | Gained mutation: You are partially covered in yellow
                  | scales. (AC +2) [demonic ancestry]
   242 | D:1      | Reached XP level 2. HP: 20/24 MP: 2/2
   325 | D:1      | Reached skill level 1 in Evocations
   483 | D:1      | Reached skill level 1 in Shapeshifting
   673 | D:1      | Gained mutation: You are partially covered in sharp spines.
                  | [demonic ancestry]
   673 | D:1      | Reached XP level 3. HP: 29/29 MP: 3/3
  1271 | D:2      | Reached skill level 2 in Evocations
  1271 | D:2      | Gained mutation: You have a pair of small horns on your
                  | head. [demonic ancestry]
  1271 | D:2      | Reached XP level 4. HP: 30/35 MP: 4/4
  2313 | D:4      | Noticed Natasha
  2321 | D:4      | Killed Natasha
  2322 | D:4      | Reached XP level 5. HP: 34/41 MP: 5/5
  2335 | D:4      | Reached skill level 3 in Evocations
  2539 | D:4      | Gained mutation: You have a pair of horns on your head.
                  | [demonic ancestry]
  2539 | D:4      | Reached XP level 6. HP: 38/47 MP: 6/6
  2679 | D:4      | Identified the +6 dagger of the Endless March {pain, rN+}
  3125 | D:4      | Noticed Natasha
  3131 | D:4      | Killed Natasha
  3141 | D:4      | Noticed Natasha
  3150 | D:4      | Killed Natasha
  3630 | D:5      | Entered Level 5 of the Dungeon
  3692 | D:5      | Reached skill level 4 in Evocations
  3696 | D:5      | Gained mutation: You are mostly covered in sharp spines.
                  | [demonic ancestry]
  3696 | D:5      | Reached XP level 7. HP: 42/52 MP: 7/7
  3747 | D:5      | HP: 2/52 [orc/+0 trident (5)]
  3747 | D:5      | Killed from afar by an orc priest

Illustrated notes

Levels and vault maps discovered:
D:1:      lightli_arrival_statuegarden, layout_loops_corners
D:2:      layout_basic, grunt_decor_arrowhead
D:3:      layout_basic
D:4:      layout_basic, dilly_guarded_unrand_morg
D:5:      layout_cave_pools, nicolae_yredelemnul_corpse_copse,
          lemuel_flamethrower_2

Skill      XL: |  1  2  3  4  5  6 |
---------------+-------------------+-----
Evocations     | 1 2 3 4 |  4.3
Shapeshifting  | 1 2 3 |  3.5
Dodging        | 3 |  3.8
Unarmed Combat | 3 |  3.8
Fighting       | |  3.0

Action                     |  1- 3 |  4- 6 |  7- 9 || total
---------------------------+-------+-------+-------++-------
  Melee: Short sword       |    54 |    56 |    10 ||   120
         Unarmed           |     5 |    45 |       ||    50
         Headbutt          |       |    26 |     2 ||    28
         Dagger            |       |     7 |       ||     7
    Use: Scroll            |       |     6 |       ||     6
         Potion            |       |     2 |       ||     2
   Stab: Sleeping          |     1 |       |       ||     1
 Armour: Robe              |    24 |    75 |     9 ||   108
  Dodge: Dodged            |    21 |    81 |    11 ||   113
